 Dungeon Crawl Stone Soup version 0.28.0-53-g5a82cb258f (webtiles) character file.

Game seed: 2696713324983811844

23295 issech the Impaler (level 12, -2/99 HPs)
             Began as a Minotaur Monk on June 20, 2022.
             Was a High Priest of Hepliaklqana.
             Slain by a cyan ugly thing (13 damage)
             ... on level 14 of the Dungeon on June 21, 2022.
             The game lasted 00:58:55 (14610 turns).

issech the Impaler (Minotaur Monk)                 Turns: 14610, Time: 00:58:56

Health: -2/99      AC: 20    Str: 15    XL:     12   Next: 70%
Magic:  11/11      EV: 20    Int: 11    God:    Hepliaklqana [*****.]
Gold:   671        SH:  5    Dex: 23    Spells: 11/11 levels left

rFire   . . .      SeeInvis .   G - +6 halberd
rCold   + . .      Faith    .   (shield currently unavailable)
rNeg    . . .      Spirit   .   N - +5 ring mail of the Evening {Will+ rCorr Int+4 Stlth-}
rPois   .          Reflect  +   (helmet restricted)
rElec   .          Harm     .   W - +1 cloak of the Skies Above {rC+}
rCorr   +          Rampage  .   w - +0 pair of gloves
Will    ++...                   (no boots)
Stlth   ++........              n - amulet of reflection
HPRegen 0.26/turn               J - +4 ring of protection
MPRegen 0.12/turn               i - +4 ring of evasion

@: studying Air Magic
A: reduced essence, horns 2, retaliatory headbutt, agile 2, strong-willed 1,
screaming 1
a: Renounce Religion, Recall Ancestor, Ancestor Identity, Transference, Idealise


You were on level 14 of the Dungeon.
You worshipped Hepliaklqana.
Hepliaklqana was extremely pleased with you.
You visited 1 branch of the dungeon, and saw 14 of its levels.
You also visited: Sewer.

You collected 671 gold pieces.

Inventory:

Hand Weapons
 r - a +2 longbow of flaming
 G - a +6 halberd (weapon)
 K - a +3 morningstar of freezing
Missiles
 e - 107 sling bullets
 f - 225 stones (quivered)
 h - 348 arrows
 l - 10 boomerangs
 o - 30 bolts
 p - 5 silver javelins
 F - a throwing net
 O - 6 javelins
 U - 11 poisoned darts
 Y - 8 atropa-tipped darts
Armour
 w - a +0 pair of gloves (worn)
 y - an orb of light
 z - a +0 ring mail of positive energy
 A - a +2 scale mail of fire resistance
 N - the +5 ring mail of the Evening (worn) {Will+ rCorr Int+4 Stlth-}
   (You found it on level 5 of the Dungeon)

   Int:       It affects your intelligence (+4).
   rCorr:     It protects you from acid and corrosion.
   Will:      It increases your willpower.
   Stlth:     It makes you less stealthy.
 W - the +1 cloak of the Skies Above (worn) {rC+}
   (You found it on level 9 of the Dungeon)

   rC:        It protects you from cold.
Jewellery
 b - a ring of poison resistance
 i - a +4 ring of evasion (right hand)
 j - an amulet of magic regeneration
 n - an amulet of reflection (around neck)
 t - the ring "Asmia" {Wiz Fly}
   (You took it off an orc on level 8 of the Dungeon)

   [ring of wizardry]

   It improves your spell success rate.
   Fly:       It grants you flight.
 J - a +4 ring of protection (left hand)
 X - a ring of ice
 Z - a ring of poison resistance
Wands
 a - a wand of flame (30)
 s - a wand of iceblast (32)
 u - a wand of charming (3)
 x - a wand of polymorph (16)
 H - a wand of mindburst (7)
 R - a wand of acid (8)
Scrolls
 d - 5 scrolls of silence
 k - a scroll of enchant weapon
 q - a scroll of holy word
 I - 2 scrolls of enchant armour
 P - a scroll of magic mapping
 Q - a scroll of blinking
 S - 3 scrolls of amnesia
 T - 4 scrolls of fear
 V - 5 scrolls of teleportation
Potions
 c - 4 potions of might
 g - 2 potions of lignification {unknown}
 m - 4 potions of brilliance
 v - 4 potions of flight
 B - 7 potions of haste
 C - 11 potions of curing
 D - a potion of resistance
 E - 5 potions of heal wounds
Miscellaneous
 L - a phial of floods
 M - a phantom mirror


   Skills:
 + Level 11.7 Fighting
 + Level 5.8 Long Blades
 + Level 5.1(11.8) Axes
 + Level 16.2(16.5) Polearms
 + Level 1.7 Bows
 + Level 0.4 Throwing
 + Level 9.6 Armour
 + Level 8.1 Dodging
 + Level 5.3 Stealth
 + Level 3.7 Shields


You had 11 spell levels left.
You didn't know any spells.
Your spell library contained the following spells:

 Spells                   Type           Power      Damage    Failure   Level
 Animate Skeleton         Necr           0%         N/A       52%         1
 Apportation              Tloc           0%         N/A       52%         1
 Freeze                   Ice            0%         1d3       52%         1
 Summon Small Mammal      Summ           0%         N/A       52%         1
 Blink                    Tloc           0%         N/A       67%         2
 Corpse Rot               Necr/Air       0%         N/A       67%         2
 Static Discharge         Conj/Air       0%         N/A       67%         2
 Frozen Ramparts          Ice            0%         1d2       88%         3
 Ignite Poison            Fire/Tmut/Pois 0%         N/A       88%         3
 Lesser Beckoning         Tloc           0%         N/A       88%         3
 Mephitic Cloud           Conj/Pois/Air  0%         N/A       88%         3
 Dispel Undead            Necr           0%         3d6       99%         4
 Hailstorm                Conj/Ice       0%         3d3       99%         4
 Sticky Flame             Conj/Fire      0%         2d3       99%         4
 Freezing Cloud           Conj/Ice/Air   0%         6-21      100%        5
 Manifold Assault         Tloc           0%         N/A       100%        5
 Death Channel            Necr           0%         N/A       100%        6


Dungeon Overview and Level Annotations

Branches:
Dungeon (14/15)            Temple (0/1) D:5            Lair (0/6) D:11
    Orc (0/2) D:11          Sewer (visited)
 Vaults: D:13-14

Altars:
Ashenzari
Cheibriados
Fedhas
Hepliaklqana
Kikubaaqudgha
Makhleb
Okawaru
Sif Muna
Uskayaw
Wu Jian
The Shining One

Shops:
D:3 =   D:6 [   D:8 *   D:11 (   D:13 (

Portals:
Trove: D:12 (give 5 scrolls of blinking)


Innate Abilities, Weirdness & Mutations

Your life essence is reduced to manifest your ancestor. (-10% HP)
You have a pair of horns on your head.
You reflexively headbutt those who attack you in melee.
You are very agile. (Dex +4)
You are strong-willed. (Will+)
You occasionally shout uncontrollably at your foes.


Message History

The arrow burns the white ugly thing.
The white ugly thing is severely wounded.
The cyan ugly thing basks in the mutagenic energy from its kin and changes!
The white ugly thing closely misses you.
The white ugly thing stings you! The white ugly thing freezes you! You resist.
You shoot an arrow. The arrow hits the white ugly thing!!
The arrow burns the white ugly thing.
You kill the white ugly thing!
The cyan ugly thing closely misses you.
You shoot an arrow. The arrow hits the cyan ugly thing!
The arrow burns the cyan ugly thing.
The cyan ugly thing is moderately wounded.
The cyan ugly thing stings you but does no damage.
You block the cyan ugly thing's attack.
You shoot an arrow. The arrow hits the cyan ugly thing.
The arrow burns the cyan ugly thing.
The cyan ugly thing is moderately wounded.
The cyan ugly thing stings you! The cyan ugly thing shocks you!
You are too injured to fight recklessly!
You are too injured to fight recklessly!
You are too injured to fight recklessly!
Unknown command.
You are too injured to fight recklessly!
You are too injured to fight recklessly!
You are too injured to fight recklessly!
Your +2 longbow of flaming stops flaming.
G - a +6 halberd (weapon)
The cyan ugly thing stings you. The cyan ugly thing shocks you!
* * * LOW HITPOINT WARNING * * *
You completely miss the cyan ugly thing.
The cyan ugly thing is moderately wounded.
You hit the cyan ugly thing.
The cyan ugly thing is moderately wounded.
The cyan ugly thing barely misses you.
You barely miss the cyan ugly thing.
The cyan ugly thing is moderately wounded.
The cyan ugly thing stings you!
* * * LOW HITPOINT WARNING * * *
The cyan ugly thing shocks you!
You die...

# ###
#.### ..#
#uu@# #
#.# #####
# #. ...
##.#.##.#
?.....#.#
..(.....#.
.......<..
........#.
.........
........##


You could see 2 ugly things.

Vanquished Creatures
  Nessos (D:13)
  3 slime creatures (D:13)
  2 centaur warriors (D:13)
  A boulder beetle (D:12)
  2 two-headed ogres
  Pikel (D:9)
  A wizard (D:14)
  2 ugly things (D:14)
  3 cyclopes
  2 manticores
  Maggie (D:9)
  5 trolls
  A tarantella (shapeshifter) (D:13)
  2 basilisks (D:11)
  2 wyverns
  12 yaks
  An acid dragon (D:9)
  5 water moccasins
  2 orc warriors
  9 centaurs
  A phantom (D:5)
  A kobold brigand (D:8)
  2 bullfrogs
  A gnoll sergeant (D:11)
  2 scorpions
  3 killer bees (D:8)
  4 wights (D:8)
  3 howler monkeys (D:10)
  2 centaur zombies
  2 bullfrog zombies
  A hound (D:5)
  7 orc priests
  A bullfrog skeleton (D:7)
  4 jellies
  2 iguanas (D:6)
  Natasha (thrice) (D:3)
  6 orc wizards
  A scorpion zombie (D:5)
  2 killer bee zombies
  A hound skeleton (D:5)
  Robin (D:2)
  2 howler monkey zombies
  5 gnolls (D:11)
  11 adders
  A worm (D:2)
  A dart slug (D:3)
  35 orcs
  6 endoplasms
  2 giant cockroaches
  13 goblins
  10 hobgoblins
  10 jackals
  5 kobolds
  2 quokkas
  7 ball pythons
  9 bats
  2 frilled lizards
  6 rats
  A bush (D:11)
236 creatures vanquished.

Vanquished Creatures (collateral kills)
  Rupert (D:12)
  3 two-headed ogres
  An orc sorcerer (D:13)
  A komodo dragon (D:12)
  2 unseen horrors
  A polar bear (shapeshifter) (D:12)
  A shadow (D:11)
  5 yaks (D:11)
  A basilisk (D:11)
  2 water moccasins
  An acid dragon (D:12)
  4 orc warriors
  2 centaurs (D:9)
  2 phantoms (D:5)
  A kobold brigand (Sewer)
  2 lemures (D:9)
  2 bullfrogs
  A gnoll sergeant (D:11)
  A scorpion (D:7)
  5 wights
  2 killer bees (D:8)
  A jelly (D:7)
  2 hounds
  2 orc priests
  2 iguanas
  3 orc wizards
  3 adders
  5 gnolls (D:11)
  A river rat (Sewer)
  A shadow imp (D:6)
  A white imp (D:4)
  7 orcs
  An endoplasm (D:4)
  A goblin (D:4)
  2 jackals (Sewer)
  6 kobolds
  A quokka (D:4)
  A rat (Sewer)
81 creatures vanquished.

Vanquished Creatures (others)
  5 battlemagi
  2 fungi (D:2)
  17 plants
24 creatures vanquished.

Grand Total: 341 creatures vanquished

Notes
Turn   | Place    | Note
-------+----------+-------------------------------------------
     0 | D:1      | issech the Minotaur Monk began the quest for the Orb.
     0 | D:1      | Reached XP level 1. HP: 19/19 MP: 0/0
   186 | D:1      | Reached XP level 2. HP: 17/27 MP: 1/1
  1132 | D:2      | Reached XP level 3. HP: 33/33 MP: 2/2
  1168 | D:2      | Found a faded altar of an unknown god.
  1339 | D:2      | Found a glowing golden altar of the Shining One.
  1502 | D:2      | Noticed Robin
  1514 | D:2      | Killed Robin
  1515 | D:2      | Reached XP level 4. HP: 8/40 MP: 3/3
  2016 | D:2      | Reached skill level 1 in Armour
  2430 | D:3      | Reached skill level 5 in Axes
  2433 | D:3      | Reached XP level 5. HP: 36/47 MP: 4/4
  2592 | D:3      | Found Alanwuef's Jewellery Shoppe.
  3034 | D:3      | Noticed Natasha
  3040 | D:3      | Killed Natasha
  3041 | D:3      | Reached skill level 1 in Long Blades
  3281 | D:3      | Noticed Natasha
  3289 | D:3      | Killed Natasha
  3419 | D:3      | Found a shimmering blue altar of Sif Muna.
  3420 | D:3      | Found an iron altar of Okawaru.
  3426 | D:3      | Found a snail-covered altar of Cheibriados.
  3428 | D:3      | Found a hide-covered altar of Uskayaw.
  3428 | D:3      | Found a broken altar of Ashenzari.
  3429 | D:3      | Found an ancient bone altar of Kikubaaqudgha.
  3430 | D:3      | Found an ornate altar of the Wu Jian Council.
  3431 | D:3      | Found a blossoming altar of Fedhas.
  3432 | D:3      | Found a burning altar of Makhleb.
  3433 | D:3      | Found a hazy altar of Hepliaklqana.
  3437 | D:3      | Became a worshipper of Hepliaklqana the Forgotten
  3437 | D:3      | Reached * piety under Hepliaklqana
  3437 | D:3      | Reached ** piety under Hepliaklqana
  3438 | D:3      | Remembered your ancestor Septimus as a battlemage
  3515 | D:3      | Noticed Natasha
  3520 | D:3      | Killed Natasha
  3521 | D:3      | Reached XP level 6. HP: 49/49 MP: 5/5
  4077 | D:4      | Reached skill level 5 in Fighting
  4335 | D:4      | Reached XP level 7. HP: 51/53 MP: 6/6
  4765 | D:5      | Entered Level 5 of the Dungeon
  4789 | D:5      | Identified the +5 ring mail of the Evening {Will+ rCorr
                  | Int+4 Stlth-}
  4936 | D:5      | Found a staircase to the Ecumenical Temple.
  4983 | D:5      | Reached skill level 5 in Long Blades
  4983 | D:5      | Reached skill level 1 in Polearms
  4983 | D:5      | Reached skill level 5 in Armour
  5241 | D:5      | Reached skill level 2 in Polearms
  5332 | D:5      | Reached XP level 8. HP: 63/63 MP: 7/7
  5384 | D:5      | Found a glowing drain.
  5395 | Sewer    | Entered a sewer
  5457 | Sewer    | Reached skill level 3 in Polearms
  5522 | Sewer    | Found a white marble altar of Elyvilon.
  5959 | D:6      | Reached skill level 4 in Polearms
  6002 | D:6      | Reached *** piety under Hepliaklqana
  6130 | D:6      | Reached skill level 5 in Polearms
  6377 | D:6      | Found Liseu's Antique Armour Shop.
  6694 | D:7      | Reached skill level 6 in Polearms
  6787 | D:7      | Reached XP level 9. HP: 67/70 MP: 8/8
  7258 | D:7      | Reached skill level 7 in Polearms
  7416 | D:7      | Noticed a two-headed ogre
  7421 | D:7      | Killed a two-headed ogre
  7422 | D:7      | Reached skill level 8 in Polearms
  7422 | D:7      | Reached skill level 5 in Dodging
  7630 | D:8      | Reached skill level 9 in Polearms
  7693 | D:8      | Noticed a two-headed ogre
  7698 | D:8      | Killed a two-headed ogre
  7699 | D:8      | Reached skill level 10 in Polearms
  7699 | D:8      | Reached XP level 10. HP: 63/79 MP: 9/9
  7854 | D:8      | Found Nuwkaneod's General Store.
  8073 | D:8      | Identified the ring "Asmia" {Wiz Fly}
  8318 | D:8      | Gained mutation: You are strong-willed. (Will+) [potion of
                  | mutation]
  8318 | D:8      | Gained mutation: You are agile. (Dex +2) [potion of
                  | mutation]
  8318 | D:8      | Gained mutation: You occasionally shout uncontrollably at
                  | your foes. [potion of mutation]
  8318 | D:8      | Gained mutation: You are very agile. (Dex +4) [potion of
                  | mutation]
  8603 | D:9      | Reached **** piety under Hepliaklqana
  8733 | D:9      | Reached skill level 11 in Polearms
  8744 | D:9      | Noticed Pikel
  8754 | D:9      | Killed Pikel
  8835 | D:9      | Noticed Maggie
  8842 | D:9      | Killed Maggie
  9078 | D:9      | Reached skill level 12 in Polearms
  9402 | D:9      | Identified the +1 cloak of the Skies Above {rC+}
  9519 | D:9      | Identified the +0 helmet of the Armoured One {+Blink Int+3
                  | Dex+3}
  9732 | D:10     | Entered Level 10 of the Dungeon
  9738 | D:10     | Noticed a two-headed ogre
  9754 | D:10     | Killed a two-headed ogre
  9755 | D:10     | Reached XP level 11. HP: 87/87 MP: 10/10
  9869 | D:10     | Reached skill level 13 in Polearms
 10198 | D:11     | Found a staircase to the Lair.
 10248 | D:11     | Noticed a two-headed ogre
 10259 | D:11     | Killed a two-headed ogre
 10375 | D:11     | Found a staircase to the Orcish Mines.
 10436 | D:11     | Reached skill level 14 in Polearms
 10438 | D:11     | Reached skill level 1 in Shields
 11054 | D:11     | Found Reolussi's Antique Weapon Emporium.
 11175 | D:11     | Reached skill level 10 in Fighting
 12039 | D:12     | Reached ***** piety under Hepliaklqana
 12093 | D:12     | Noticed a two-headed ogre
 12099 | D:12     | Killed a two-headed ogre
 12149 | D:12     | Reached skill level 15 in Polearms
 12182 | D:12     | Reached XP level 12. HP: 36/96 MP: 11/11
 12438 | D:12     | Noticed Rupert
 12451 | D:12     | Killed Rupert
 12663 | D:12     | Noticed a boulder beetle
 12673 | D:12     | Killed a boulder beetle
 12949 | D:12     | Found a portal to a secret trove of treasure.
 13039 | D:13     | Noticed a centaur warrior
 13039 | D:13     | Found Xemuagua's Antique Weapon Emporium.
 13073 | D:13     | Noticed Nessos
 13092 | D:13     | Killed Nessos
 13093 | D:13     | Reached skill level 5 in Stealth
 13363 | D:13     | Killed a centaur warrior
 13712 | D:13     | Noticed a centaur warrior
 13718 | D:13     | Reached skill level 16 in Polearms
 13718 | D:13     | Killed a centaur warrior
 14589 | D:14     | Reached skill level 1 in Bows
 14610 | D:14     | Slain by a cyan ugly thing

Illustrated notes

Levels and vault maps discovered:
D:1:      dpeg_arrival_stone_temple_mockup, layout_basic, minmay_misc_feat_tiny,
          palyth_stone_intersect, kennysheep_doodads
D:2:      layout_loops_ring, shapermc_ecumenical_altar_mp_ritualfount,
          basic_altar, uniq_robin
D:3:      layout_basic, minitemple, serial_shops, nicolae_shop_behind_doors,
          uniq_natasha
D:4:      layout_gridville
D:5:      layout_basic, temple_statues, portal_sewer_entry_d
D:6:      layout_cave_pools, serial_shops, kennysheep_little_box,
          kennysheep_generic_room_10
D:7:      layout_basic
D:8:      layout_basic, serial_shops, kennysheep_mini_moat, minmay_manual_mess
D:9:      layout_basic, amcnicky_mini_rare_corridor_liquid, uniq_pikel,
          uniq_maggie
D:10:     layout_rooms
D:11:     layout_long_grid, minmay_lair_entry_grove, orc_0_dummy, serial_shops,
          nicolae_shop_advertising_works [nicolae_subvault_shop_adworks]
D:12:     layout_basic, enter_trove_3, uniq_rupert
D:13:     layout_small_grid, serial_shops, shop, minmay_radiant, uniq_nessos
D:14:     layout_basic, david_vaults_4, serial_shops, nicolae_shop_waterfront,
          nicolae_vehumet_altar_sigil

Skill      XL: |  1  2  3  4  5  6  7  8  9 10 11 12 |
---------------+-------------------------------------+-----
Fighting       | 4 5 6 7 9 10 11 | 11.7
Axes           | 4 5 |  5.1
Dodging        | 4 5 6 7 8 |  8.1
Armour         | 1 3 4 5 6 7 8 9 |  9.6
Stealth        | 2 3 4 5 |  5.3
Long Blades    | 2 3 5 |  5.8
Polearms       | 2 6 10 12 15 16 | 16.2
Shields        | 2 3 |  3.7
Bows           | 1 |  1.7
Throwing       | |  0.4

Action                   |  1- 3 |  4- 6 |  7- 9 | 10-12 || total
-------------------------+-------+-------+-------+-------++-------
Melee: Hand axe          |    90 |    42 |       |       ||   132
       Headbutt          |    20 |    16 |    24 |    87 ||   147
       Punch             |     2 |     1 |       |       ||     3
       Falchion          |       |    98 |     2 |       ||   100
       Halberd           |       |       |   130 |   346 ||   476
 Fire: Longbow           |       |       |       |    33 ||    33
Throw: Stone             |       |     4 |       |       ||     4
Invok: Ancestor Life: Ba |       |     1 |       |       ||     1
  Use: Scroll            |       |       |     6 |     8 ||    14
       Potion            |       |       |       |     7 ||     7
 Stab: Sleeping          |     2 |       |       |     1 ||     3
       Distracted        |       |     1 |     3 |     5 ||     9
Armor: Robe              |    14 |       |       |       ||    14
       Ring mail         |    15 |    10 |    65 |    95 ||   185
       Chain mail        |       |    79 |     1 |       ||    80
Dodge: Dodged            |    75 |    83 |    91 |   313 ||   562
Block: Other             |       |       |       |    54 ||    54
       Reflection        |       |       |       |    13 ||    13
